 Dungeon Crawl Stone Soup version 0.29.0-4-gdea44cf6ec (webtiles) character file.

Game seed: 8864806222213679234

28 qw the Chopper (level 3, 0/21 HPs)
             Began as a Tengu Warper on Aug 28, 2022.
             Succumbed to their own poison gas
             ... on level 1 of the Dungeon.
             The game lasted 00:00:05 (769 turns).

qw the Chopper (Tengu Warper)                        Turns: 769, Time: 00:00:06

Health: 0/21       AC:  5    Str: 13    XL:     3   Next: 14%
Magic:  7/7        EV:  9    Int: 13    God:
Gold:   50         SH:  7    Dex: 13    Spells: 6/6 levels left

rFire   . . .      SeeInvis .   Y - +0 hand axe
rCold   . . .      Faith    .   g - +0 kite shield
rNeg    . . .      Spirit   .   e - +0 ring mail
rPois   .          Reflect  .   (helmet restricted)
rElec   .          Harm     .   (no cloak)
rCorr   .          Rampage  .   (no gloves)
Will    .....                   (boots unavailable)
Stlth   +.........              (no amulet)
HPRegen 0.07/turn               k - +4 ring of slaying {mikee}
MPRegen 0.10/turn               (no ring)

@: lethally poisoned (0 -> -7)
A: beak, talons 3
a: no special abilities


You were on level 1 of the Dungeon.
You visited 1 branch of the dungeon, and saw 1 of its levels.

You collected 50 gold pieces.


Innate Abilities, Weirdness & Mutations

You have a beak for a mouth.
You have claws for feet.


   Skills:
 - Level 2.0 Fighting
 - Level 3.9 Axes
 - Level 1.0 Throwing
 - Level 1.1 Armour
 - Level 2.1 Dodging
 + Level 0.0 Shields
 - Level 2.0 Spellcasting
 - Level 2.4 Translocations


You had 6 spell levels left.
You didn't know any spells.
Your spell library contained the following spells:

 Spells                   Type           Power      Damage    Failure   Level
 Blink                    Tloc           14%        N/A       75%         2
 Gell's Gravitas          Tloc           7%         N/A       92%         3
 Lesser Beckoning         Tloc           7%         N/A       92%         3
 Teleport Other           Tloc           7%         N/A       92%         3
 Manifold Assault         Tloc           7%         N/A       100%        5

Inventory:

Hand Weapons
 l - a +0 mace
 Y - a +0 hand axe (weapon)
Armour
 e - a +0 ring mail (worn)
 g - a +0 kite shield (worn)
Jewellery
 k - a +4 ring of slaying (left hand) {mikee}
Potions
 j - a potion of cancellation {unknown}
 m - a potion of curing {unknown}

Dungeon Overview and Level Annotations

Branches:
Dungeon (1/15)

Altars:


Message History

Done exploring.
760 ||| READING scroll labelled CUG RUDAMEXT.
The air fills with toxic fumes!
As you read the scroll labelled CUG RUDAMEXT, it crumbles to dust.
It was a scroll of poison.
Done exploring.
761 ||| READING scroll labelled HAAF NOAG HAUX.
As you read the scroll labelled HAAF NOAG HAUX, it crumbles to dust.
It is a scroll of identify.
Really abort (and waste the scroll)?
Done exploring.
762 ||| READING scroll labelled NEIDEINUST.
As you read the scroll labelled NEIDEINUST, it crumbles to dust.
You assume a fearsome visage.
Nothing appears to happen.
It was a scroll of fear.
Done exploring.
763 ||| DROPPING scroll of blinking.
You drop a scroll of blinking.
Done exploring.
(D) Dungeon
Where to? (* - list waypoints, ? - help)
What level of the Dungeon? (default 1, ? - help) Sorry, I don't know how to get there.
Done exploring.
764 ||| Stepping randomly (stuck).
Really walk into that cloud of poison gas?
You are engulfed in poison gas.
You are lethally poisoned!
You feel very sick.
765 ||| Stepping ~*~*~tactically~*~*~ (cloud).
You feel very sick.
Things that are here:
a scroll of blinking; a +0 leather armour
There is a lethal amount of poison in your body!
You feel very sick.
There is a lethal amount of poison in your body!
You feel sick.
There is a lethal amount of poison in your body!
You feel sick.
There is a lethal amount of poison in your body!
You die...

####.#.#
##########.....#
#00¤0¤0¤0..###.###
#0¤¤0¤¤0..%'......
#¤0¤000....###..##
#¤¤0¤¤.....# ##.#
##¤000......# #.#
#¤¤00######## #.# ###
#¤@00# #.## #.# #¤¤¤¤#
#..# ###.###¤¤¤¤##
########..
##.....0¤¤¤¤0#
#........>
#....#0¤¤¤¤¤¤#
#)########
#....#¤#####¤# #.#
#.####¤##...¤####.#####
#....¤......¤¤....[...#
######....##..###.#####


There were no monsters in sight!

Vanquished Creatures
  A dart slug (D:1)
  3 bats (D:1)
  5 endoplasms (D:1)
  A giant cockroach (D:1)
  2 goblins (D:1)
  4 hobgoblins (D:1)
  2 ball pythons (D:1)
  3 frilled lizards (D:1)
  3 rats (D:1)
24 creatures vanquished.

Notes
Turn   | Place    | Note
-------+----------+-------------------------------------------
     0 | D:1      | qw the Tengu Warper began the quest for the Orb.
     0 | D:1      | Reached XP level 1. HP: 12/12 MP: 4/4
     0 | D:1      | 0 ||| qw: Version: 0.1-a-89-g26bdef1
     0 | D:1      | 0 ||| qw: Game counter: 614
     0 | D:1      | 0 ||| qw: Always use a shield: true
     0 | D:1      | 0 ||| qw: God list: Okawaru
     0 | D:1      | 0 ||| qw: Allow faded altars: false
     0 | D:1      | 0 ||| qw: Do Orc after D:15 true
     0 | D:1      | 0 ||| qw: Do second Lair branch before Depths: true
     0 | D:1      | 0 ||| qw: Lair rune preference: random
     0 | D:1      | 0 ||| qw: Plans: Normal
     0 | D:1      | 0 ||| PLANNING D:1-11
    36 | D:1      | Reached XP level 2. HP: 17/17 MP: 6/6
    38 | D:1      | Reached skill level 3 in Axes
    75 | D:1      | 75 ||| Stepping ~*~*~tactically~*~*~ (stealth).
   241 | D:1      | 241 ||| Stepping ~*~*~tactically~*~*~ (hiding).
   441 | D:1      | Reached XP level 3. HP: 15/21 MP: 7/7
   559 | D:1      | 559 ||| DROPPING +0 club.
   743 | D:1      | 743 ||| UPGRADING to +0 ring mail.
   753 | D:1      | 753 ||| DROPPING +0 leather armour.
   754 | D:1      | 754 ||| UPGRADING to +0 kite shield.
   759 | D:1      | 759 ||| UPGRADING to +4 ring of slaying {mikee}.
   760 | D:1      | 760 ||| READING scroll labelled CUG RUDAMEXT.
   761 | D:1      | 761 ||| READING scroll labelled HAAF NOAG HAUX.
   762 | D:1      | 762 ||| READING scroll labelled NEIDEINUST.
   763 | D:1      | 763 ||| DROPPING scroll of blinking.
   764 | D:1      | 764 ||| Stepping randomly (stuck).
   765 | D:1      | 765 ||| Stepping ~*~*~tactically~*~*~ (cloud).
   766 | D:1      | HP: 4/21 [poisoned by you (poison gas)]
   768 | D:1      | HP: 1/21 [poisoned by you (poison gas)]
   769 | D:1      | Succumbed to their own poison gas

Levels and vault maps discovered:
D:1:      wander_arrival_desolate, layout_basic

Skill      XL: |  1  2 |
---------------+-------+-----
Axes           | 3 |  3.9
Fighting       | |  2.0
Throwing       | |  1.0
Armour         | |  1.1
Dodging        | |  2.1
Spellcasting   | |  2.0
Translocations | |  2.4

Action                   || total
-------------------------++-------
Melee: Hand axe          ||    43
       Peck              ||     5
       Kick              ||    10
Throw: Boomerang         ||     7
  Use: Scroll            ||     3
Armor: Leather armour    ||     7
Dodge: Dodged            ||    21

Table legend:
 A = Non-vault XP
 B = Vault XP
 C = Vault XP percentage of total XP
 D = Non-vault monster count
 E = Vault monster count
 F = Vault count percentage of total count
                 A         B        C        D         E       F
            +---------+---------+-------+---------+---------+-------
      Total |      41 |       0 |   0.0 |      24 |       0 |   0.0
            +---------+---------+-------+---------+---------+-------
        D:1 |      41 |       0 |   0.0 |      24 |       0 |   0.0
            +---------+---------+-------+---------+---------+-------
